 Dungeon Crawl Stone Soup version 0.21.1-1-g345015f (webtiles) character file.

12 naslowski the Stinger (level 2, 17/17 HPs)
             Began as an Octopode Venom Mage on Feb 22, 2018.
             Quit the game on level 1 of the Dungeon.
             The game lasted 00:04:52 (743 turns).

naslowski the Stinger (Octopode Venom Mage)          Turns: 743, Time: 00:04:52

Health: 17/17      AC:  1    Str:  7    XL:     2   Next: 33%
Magic:  5/5        EV: 13    Int: 17    God:
Gold:   17         SH:  0    Dex: 12    Spells: 2/5 levels left

rFire    . . .     SeeInvis +   h - +0 dagger
rCold    . . .     Gourm    .   (no shield)
rNeg     . . .     Faith    .   (helmet restricted)
rPois    .         Spirit   .   (no amulet)
rElec    .         Reflect  .   c - ring of see invisible
rCorr    .         Harm     .   (no ring)
MR       .....                  (no ring)
Stlth    +++.......             (no ring)
HPRegen  0.05/turn              (no ring)
MPRegen  0.09/turn              (no ring)
                                (no ring)
                                (no ring)

@: no status effects
A: almost no armour, stealthy swim, amphibious, 8 rings, constrict 8, camouflage
1, gelatinous body 1
a: no special abilities


You were on level 1 of the Dungeon.
You were not hungry.

You visited 1 branch of the dungeon, and saw 1 of its levels.

You collected 17 gold pieces.

Inventory:

Hand Weapons
 d - a +0 dagger
 h - a +0 dagger (weapon)
Missiles
 e - 9 poisoned needles (quivered)
Armour
 g - a +0 pair of boots
 j - a +0 leather armour
Jewellery
 c - a ring of see invisible (left tentacle)
Potions
 i - a potion of curing {unknown}
Books
 a - a Young Poisoner's Handbook

   Spells                             Type                      Level
   a - Sting                          Conjuration/Poison           1
   b - Poisonous Vapours              Poison/Air                   2
   c - Mephitic Cloud                 Conjuration/Poison/Air       3
   d - Olgreb's Toxic Radiance        Poison                       4
   e - Venom Bolt                     Conjuration/Poison           5
Comestibles
 b - a ration
 f - 3 chunks of flesh


   Skills:
 + Level 2.0 Dodging
 + Level 3.0 Stealth
 + Level 0.4 Unarmed Combat
 + Level 2.0 Spellcasting
 + Level 1.0 Conjurations
 + Level 4.1 Poison Magic


You had 2 spell levels left.
You knew the following spells:

 Your Spells              Type           Power        Failure   Level  Hunger
a - Sting                 Conj/Pois      ##..         7%          1    #......
b - Poisonous Vapours     Pois/Air       #.....       12%         2    ###....


Dungeon Overview and Level Annotations

Branches:
Dungeon (1/15)

Altars:


Innate Abilities, Weirdness & Mutations

You cannot wear most types of armour.
You are very stealthy in the water. (Stealth+)
You are amphibious.
You can wear up to eight rings at the same time.
You can use your tentacles to constrict eight enemies at once.
Your skin changes colour to match your surroundings (Stealth+).
Your rubbery body absorbs attacks. (AC +1, EV +1)


Message History

There is an open door here.
i - a ruby potion You see here a leather armour.
j - a leather armour You open the door.
You open the door.
There is an open door here.
You open the door.
There is an open door here.
There is an open door here.
There is an open door here.
Found a stone staircase leading down.
You open the door.
There is an open door here.
A hobgoblin comes into view. It is wielding a club.
The hobgoblin shouts!
Casting: Sting
Confirm with . or Enter, or press ? or * to list all spells.
Okay, then.
Are you sure you want to abandon this character and quit the game? (Confirm with "yes".)

.. ## . .. ..# ...##.#
#####
#...#.###...########
##.#.........+.......
....#.##....#....g.# ###
#.#.#.##.#'#@.#
'.###........#.#........
#.......#.####.#..##....
........#.......... #.#
..#####.#.#........# #
..# #....#.####...$ ..#
#..#.#.# ...##. ..#
#..#.#.# #.## .#
.#####..#>#.#


You could see a hobgoblin.

Vanquished Creatures
  A dart slug (D:1)
  A bat (D:1)
  A giant cockroach (D:1)
  2 goblins (D:1)
  A hobgoblin (D:1)
  2 kobolds (D:1)
8 creatures vanquished.

Notes
Turn   | Place    | Note
-------+----------+-------------------------------------------
     0 | D:1      | naslowski the Octopode Venom Mage began the quest for the Orb.
     0 | D:1      | Reached XP level 1. HP: 11/11 MP: 3/3
   229 | D:1      | Reached skill level 4 in Poison Magic
   229 | D:1      | Reached XP level 2. HP: 5/17 MP: 1/5
   566 | D:1      | Learned a level 2 spell: Poisonous Vapours
   743 | D:1      | Quit the game

Skill      XL: |  1  2 |
---------------+-------+-----
Poison Magic   | 4 |  4.1
Stealth        | 3 |  3.0
Dodging        | |  2.0
Unarmed Combat | |  0.4
Spellcasting   | |  2.0
Conjurations   | |  1.0

Action                   || total
-------------------------++-------
Melee: Unarmed           ||    14
       Constrict         ||     2
       Tentacles         ||     1
 Cast: Sting             ||     8
Armor: Skin              ||     2
Dodge: Dodged            ||    10
